[Event "*** Titled Tuesday Blitz"]
[Site "Chess.com"]
[Date "2020.04.21"]
[Round "2"]
[White "gvanna"]
[Black "1977Ivan"]
[Result "0-1"]
[WhiteElo "2448"]
[BlackElo "2680"]
[TimeControl "180+1"]
[EndTime "10:15:11 PDT"]
[Termination "1977Ivan won by resignation"]

1. e4 c5 2. Nf3 e6 3. d4 cxd4 4.
Nxd4 Nc6 5. Nxc6 bxc6 6. Bd3 d5 7. O-O Bd6 8. Nd2 Ne7 9. c4 O-O 10. Qe2 Qc7 11. h3 Bb7 12. Re1 Ng6 13. Nf3 dxe4 14.
Bxe4 f5 15. Bc2 Rae8 16. Bd2 c5 17. Rad1 e5 18. Ba4 Re6 19. Ng5 Ref6 20. Bc1 h6 21. Nf3 e4 22. Nd2 Nf4 23. Qe3 Rg6 24. g3 Nxh3+ 25.
Kh2 Nxf2 26. Nf1 Ng4+ 0-1

[Event "*** Titled Tuesday Blitz"]
[Site "Chess.com"]
[Date "2020.04.21"]
[Round "2"]
[White "Indianlad"]
[Black "ChessicallyInclined"]
[Result "1-0"]
[WhiteElo "2994"]
[BlackElo "2605"]
[TimeControl "180+1"]
[EndTime "10:15:15 PDT"]
[Termination "Indianlad won by resignation"]

1. Nf3 Nf6 2. c4 b6 3. Nc3 Bb7 4. d4 e6 5. Bg5 h6 6. Bh4 d5 7. cxd5 exd5 8. Bxf6 Qxf6 9. Qb3 c6 10. e4 dxe4 11.
Nxe4 Qe7 12. O-O-O Nd7 13. Bc4 O-O-O 14. Rhe1 f5 15.
Neg5 hxg5 16. Rxe7 Bxe7 17. Be6 Kc7 18. Bxf5 Rhf8 19.
Bxd7 Rxd7 20. h3 Rd5 21. a3 Bf6 22. Re1 a6 23. Kb1 Bc8 24. Rc1 Bf5+ 25. Ka1 Rfd8 26. Qc4 R8d6 27. Qxa6 Ra5 28. Qe2 Be6 29. Ne5 Rxd4 30.
Rxc6+ Kb7 31. Rxe6 Rdd5 32. Nc4 1-0

[Event "*** Titled Tuesday Blitz"]
[Site "Chess.com"]
[Date "2020.04.21"]
[Round "2"]
[White "TudorAnton"]
[Black "Zkid"]
[Result "0-1"]
[WhiteElo "2551"]
[BlackElo "2802"]
[TimeControl "180+1"]
[EndTime "10:15:16 PDT"]
[Termination "Zkid won by resignation"]

1. d4 d5 2. Nf3 Nf6 3. c4 dxc4 4. Nc3 a6 5. e4 b5 6. e5 Nd5 7. a4 Nxc3 8. bxc3 Bb7 9. Be2 e6 10. O-O Be7 11. Nd2 Nd7 12. Bf3 Bxf3 13. Qxf3 O-O 14.
Ne4 Nb6 15. a5 Nd5 16. g3 b4 17. cxb4 Nxb4 18. Bb2 Nd3 19. Bc3 Qd5 20. Kg2 Rab8 21. Nd2 c6 22. Ra4 Bb4 23. Bxb4 Rxb4 24. Rxb4 Nxb4 25.
Rc1 Nd3 26. Rb1 c3 27. Ne4 c2 28. Qxd3 cxb1=Q 29. Qxb1 Qxd4 30. Ng5 Qd5+ 31. Kh3 g6 32. f4 Qxa5 33. Ne4 Qb5 34. Qd1 Kg7 35. Qd7 Qf1+ 36. Kh4 h6 37. Nc5 g5+ 38. fxg5 hxg5+ 39. Kxg5 Qf5+ 0-1

[Event "*** Titled Tuesday Blitz"]
[Site "Chess.com"]
[Date "2020.04.21"]
[Round "2"]
[White "Koksik_13"]
[Black "Ladislav1969"]
[Result "1-0"]
[WhiteElo "2645"]
[BlackElo "2299"]
[TimeControl "180+1"]
[EndTime "10:15:17 PDT"]
[Termination "Koksik_13 won by checkmate"]

1. e4 c5 2. Nf3 e6 3. c3 Nc6 4. d4 cxd4 5. cxd4 d5 6. exd5 exd5 7. Nc3 Nf6 8. h3 Be7 9. Bd3 O-O 10. Bg5 h6 11.
Bh4 a6 12. O-O Re8 13. Rc1 Be6 14. Re1 Rc8 15. Bb1 Na5 16. Qd3 Kf8 17. Ne5 Nc4 18.
Bxf6 Bxf6 19. Qh7 Nxb2 20. Bf5 Bxe5 21. Rxe5 Nc4 22. Nxd5 f6 23. Bxe6 Rxe6 24. Rxe6 Qxd5 25. Qh8+ Kf7 26. Qxc8 Nb6 27. Qe8# 1-0

[Event "*** Titled Tuesday Blitz"]
[Site "Chess.com"]
[Date "2020.04.21"]
[Round "2"]
[White "Sharpchess22"]
[Black "MFguimaraes"]
[Result "1-0"]
[WhiteElo "2749"]
[BlackElo "2406"]
[TimeControl "180+1"]
[EndTime "10:15:18 PDT"]
[Termination "Sharpchess22 won by resignation"]

1. d4 Nf6 2. c4 c6 3. Nc3 d5 4. Nf3 a6 5. c5 Nbd7 6. g3 g6 7.
Bf4 Bg7 8. Bg2 O-O 9. O-O Nh5 10. Bg5 h6 11. Bd2 Nhf6 12. Qc2 Kh7 13. Rfe1 e5 14. Nxe5 Nxe5 15. dxe5 Ng4 16. f4 h5 17. e4 d4 18. Na4 h4 19. Nb6 Rb8 20. Rad1 hxg3 21. hxg3 Qe7 22. Bc1 f6 23. Nxc8 Rbxc8 24. Bh3 f5 25.
exf5 1-0

[Event "*** Titled Tuesday Blitz"]
[Site "Chess.com"]
[Date "2020.04.21"]
[Round "2"]
[White "I_Hit_18K_on_BS"]
[Black "AlhosaniOmran1"]
[Result "1-0"]
[WhiteElo "2128"]
[BlackElo "2363"]
[TimeControl "180+1"]
[EndTime "10:15:18 PDT"]
[Termination "I_Hit_18K_on_BS won by checkmate"]

1. e4 e5 2. Nf3 Nc6 3. Bb5 a6 4. Ba4 Nf6 5. O-O Be7 6. d4 exd4 7. e5 Nd5 8. Bb3 Nb6 9. Nxd4 Nxd4 10. Qxd4 O-O 11.
c3 d6 12. exd6 Bxd6 13. Bc2 f5 14. a4 Qf6 15. Qxf6 Rxf6 16. a5 Nd5 17. Bb3 c6 18.
c4 Rh6 19. g3 f4 20. cxd5 c5 21. Nc3 Bf5 22. Re1 Rf8 23. Ne4 Bxe4 24. Rxe4 Rh5 25. Bxf4 Bxf4 26. Rxf4 Rxf4 27. gxf4 Kf8 28. Re1 Rf5 29.
d6 Rxf4 30. d7 Rg4+ 31. Kh1 Rd4 32. Re8# 1-0

[Event "*** Titled Tuesday Blitz"]
[Site "Chess.com"]
[Date "2020.04.21"]
[Round "2"]
[White "ChessQueen"]
[Black "UCantHandleDenker"]
[Result "1-0"]
[WhiteElo "2764"]
[BlackElo "2521"]
[TimeControl "180+1"]
[EndTime "10:15:22 PDT"]
[Termination "ChessQueen won by resignation"]

1. Nf3 Nf6 2. g3 g6 3. Bg2 Bg7 4. O-O O-O 5. d4 c5 6. dxc5 Na6 7. Be3 Qc7 8. Nc3 Ng4 9. Bd4 e5 10. Nd5 Qd8 11. Bc3 e4 12. Bxg7 exf3 13. exf3 Kxg7 14. fxg4 d6 15. Qd4+ f6 16. cxd6 Qxd6 17. g5 Be6 18. gxf6+ Kf7 19. Rad1 Rfd8 20. Qh4 h5 21. Qg5 Qf8 22. Nf4 1-0

[Event "*** Titled Tuesday Blitz"]
[Site "Chess.com"]
[Date "2020.04.21"]
[Round "2"]
[White "Nakachuk"]
[Black "DrVitman"]
[Result "1-0"]
[WhiteElo "2779"]
[BlackElo "2535"]
[TimeControl "180+1"]
[EndTime "10:15:24 PDT"]
[Termination "Nakachuk won by checkmate"]

1. Nf3 Nf6 2. g3 g6 3. Bg2 Bg7 4. O-O O-O 5. d3 d6 6. e4 c5 7. Re1 Nc6 8. c3 e5 9. a3 h6 10. b4 b6 11. Nbd2 Qc7 12. b5 Ne7 13. a4 Be6 14. a5 Kh7 15. c4 Nd7 16. Bb2 Rab8 17. axb6 axb6 18. Ra6 g5 19. Nf1 Ng6 20. Ne3 Nf6 21. Qa1 Rfd8 22. Nd2 Nd7 23. Bc3 Bf6 24.
Nd5 Bxd5 25. cxd5 Be7 26. Nc4 Nf6 27. Qa2 Rb7 28. Ra1 Rdb8 29. Bh3 Bd8 30. Ra7 g4 31. Bf1 h5 32. Rxb7 Rxb7 33. Qa8 Kg7 34. Nxd6 Qc6 35. bxc6 Ra7 36. Rxa7 Kh6 37. Nf5+ Kg5 38. Bd2+ Nf4 39.
Qxd8 h4 40. gxf4+ exf4 41. Bxf4+ Kxf4 42. Qxf6 g3 43. Nh6# 1-0

[Event "*** Titled Tuesday Blitz"]
[Site "Chess.com"]
[Date "2020.04.21"]
[Round "2"]
[White "CzechmVIII"]
[Black "arctic_t00"]
[Result "0-1"]
[WhiteElo "2226"]
[BlackElo "2460"]
[TimeControl "180+1"]
[EndTime "10:15:26 PDT"]
[Termination "arctic_t00 won by resignation"]

1. e4 e6 2. d4 d5 3. Nc3 Nf6 4.
Bg5 Bb4 5. e5 h6 6. Bc1 Nfd7 7.
Qg4 Bf8 8. f4 a6 9. Bd3 c5 10.
dxc5 Nc6 11. Qe2 Nxc5 12. Nf3 Be7 13. O-O b5 14. f5 exf5 15. Qf2 Ne4 16. Bxe4 dxe4 17.
Ne1 O-O 18. Be3 Be6 19. Bb6 Qb8 20. Rd1 Nxe5 21. Nd5 Bxd5 22. Rxd5 Ng4 0-1

[Event "*** Titled Tuesday Blitz"]
[Site "Chess.com"]
[Date "2020.04.21"]
[Round "2"]
[White "kinga2008"]
[Black "SCIM"]
[Result "0-1"]
[WhiteElo "2190"]
[BlackElo "2541"]
[TimeControl "180+1"]
[EndTime "10:15:27 PDT"]
[Termination "SCIM won by resignation"]

1. e4 c5 2. Nf3 e6 3. d4 cxd4 4. Nxd4 Nc6 5. Nc3 Qc7 6. Be3 a6 7.
Qd2 Nf6 8. Bd3 Be7 9. O-O b5 10. h3 Bb7 11. Nxc6 dxc6 12. Ne2 Rd8 13. Qc3 c5 14. b3 O-O 15. Ng3 h5 16. f4 h4 17. Ne2 Nxe4 18. Bxe4 Bxe4 19. Qb2 Bf6 20. c3 Rd3 21. Bf2 Rfd8 22. Qa3 Qb7 23.
Qxc5 Bxg2 24. Nd4 Rxh3 25. Be3 Rh1+ 26. Kf2 Bxd4 27. Rxh1 Bxc5 0-1

[Event "*** Titled Tuesday Blitz"]
[Site "Chess.com"]
[Date "2020.04.21"]
[Round "2"]
[White "KrolPawel92OnTwitch"]
[Black "dey2580"]
[Result "1-0"]
[WhiteElo "2684"]
[BlackElo "2467"]
[TimeControl "180+1"]
[EndTime "10:15:28 PDT"]
[Termination "KrolPawel92OnTwitch won by checkmate"]

1. e4 e6 2. d4 d5 3. Nd2 Ne7 4. Bd3 a6 5. Ngf3 c5 6. dxc5 Nec6 7. exd5 Qxd5 8. Ne4 Bxc5 9. O-O O-O 10. Nxc5 Qxc5 11. Ng5 f5 12. Re1 Rf6 13. Qh5 h6 14. Nxe6 Qe7 15.
Bg5 hxg5 16. Nxg5 Rh6 17. Rxe7 Rxh5 18. Re8# 1-0

[Event "*** Titled Tuesday Blitz"]
[Site "Chess.com"]
[Date "2020.04.21"]
[Round "2"]
[White "Macron20hTF1"]
[Black "Kaponov"]
[Result "1-0"]
[WhiteElo "2401"]
[BlackElo "2112"]
[TimeControl "180+1"]
[EndTime "10:15:30 PDT"]
[Termination "Macron20hTF1 won on time"]

1. e4 e5 2. Nf3 Nc6 3. Bb5 a6 4. Ba4 Nf6 5. O-O Be7 6. Re1 b5 7. Bb3 O-O 8. c3 d6 9. h3 Nb8 10. d4 Nbd7 11. Nbd2 Bb7 12. a4 c6 13. Nf1 Re8 14.
Ng3 g6 15. Nh2 Bf8 16. Qf3 Bg7 17. Ng4 Qe7 18. Bg5 Rf8 19. Rad1 h5 20. dxe5 hxg4 21. exf6 Bxf6 22. Bxf6 Qxf6 23. Qxf6 Nxf6 24. Rxd6 Kg7 25. e5 Nd5 26. Bxd5 cxd5 27. e6 fxe6 28. axb5 axb5 29.
Rexe6 gxh3 30. Re7+ Rf7 31. Rxf7+ Kxf7 32. Rd7+ Ke6 33. Rxb7 hxg2 34. Kxg2 Ra5 35. Ne2 Kd6 36. Nd4 Kc5 37. b4+ Kc4 38. bxa5 1-0

[Event "*** Titled Tuesday Blitz"]
[Site "Chess.com"]
[Date "2020.04.21"]
[Round "2"]
[White "Nellichka"]
[Black "Bacyanide"]
[Result "0-1"]
[WhiteElo "2097"]
[BlackElo "2397"]
[TimeControl "180+1"]
[EndTime "10:15:31 PDT"]
[Termination "Bacyanide won by resignation"]

1. d4 d5 2. c4 e6 3. Nc3 c5 4. cxd5 exd5 5. Nf3 Nf6 6. g3 Nc6 7. Bg2 cxd4 8. Nxd4 Bc5 9. Nxc6 bxc6 10. O-O O-O 11. Bg5 h6 12. Bf4 Re8 13. Rc1 Bf8 14. Qa4 Bd7 15. Rfd1 Qe7 16. Qb3 Rac8 17. a4 Bg4 18.
Rd2 Qe6 19. a5 Bh3 20. Bh1 Qf5 21. a6 g5 22. Be3 Rxe3 23. fxe3 Ng4 24. Bf3 Bc5 25. Nd1 Bb6 26. Qd3 Qe5 27. Bxd5 Nxe3 28. Qg6+ Qg7 29. Qxg7+ Kxg7 30. Kh1 cxd5 31. Rxc8 Bxc8 32.
Nxe3 Bxe3 33. Rxd5 Bxa6 34. Rd7 Bxe2 35. h3 Bb6 36. Kg2 Bb5 37. Rb7 Bc6+ 0-1

[Event "*** Titled Tuesday Blitz"]
[Site "Chess.com"]
[Date "2020.04.21"]
[Round "2"]
[White "OparinGrigoriy"]
[Black "Darhild"]
[Result "1-0"]
[WhiteElo "2903"]
[BlackElo "2598"]
[TimeControl "180+1"]
[EndTime "10:15:32 PDT"]
[Termination "OparinGrigoriy won by resignation"]

1. Nf3 c5 2. g3 Nc6 3. c4 g6 4. Bg2 Bg7 5. O-O e5 6. Nc3 d6 7. a3 a5 8. Ne1 Be6 9. d3 Nge7 10. Nc2 d5 11. cxd5 Nxd5 12. Bd2 O-O 13. Rb1 a4 14.
Rc1 Nde7 15. Na1 Nd4 16. Nxa4 Rxa4 17. e3 Ra7 18. exd4 cxd4 19. Nc2 Bd5 20. Nb4 Bxg2 21. Kxg2 Nd5 22. Qf3 Nxb4 23. Bxb4 Re8 24. Rc2 f5 25. Rfc1 e4 26. dxe4 fxe4 27. Qb3+ Kh8 28. Rc7 Qf6 29.
Rf7 Qe5 30. Rcc7 Rg8 31. Rxg7 Qxg7 32. Rxg7 Rxg7 33. Bc5 1-0

[Event "*** Titled Tuesday Blitz"]
[Site "Chess.com"]
[Date "2020.04.21"]
[Round "2"]
[White "KNVB"]
[Black "Ammaralsedrani"]
[Result "1-0"]
[WhiteElo "2772"]
[BlackElo "2346"]
[TimeControl "180+1"]
[EndTime "10:15:32 PDT"]
[Termination "KNVB won by resignation"]

1. d4 d5 2. Bf4 c5 3. e3 Nc6 4.
Nf3 Bg4 5. c3 Qb6 6. Qb3 c4 7.
Qc2 Bf5 8. Qxf5 Qxb2 9. Qxd5 Qxa1 10.
Qb5 O-O-O 11. Bxc4 e6 12. O-O Bd6 13. Bxd6 Rxd6 14. Nbd2 Qxc3 15. Ne4 Qa3 16. Rb1 Rd7 17. Nc5 Rc7 18. Ne5 Nge7 19. Nxf7 Rf8 20. Nd6+ Kb8 21. Na6+ 1-0

[Event "*** Titled Tuesday Blitz"]
[Site "Chess.com"]
[Date "2020.04.21"]
[Round "2"]
[White "FrankieJay"]
[Black "promen1999"]
[Result "0-1"]
[WhiteElo "2357"]
[BlackElo "2923"]
[TimeControl "180+1"]
[EndTime "10:15:33 PDT"]
[Termination "promen1999 won by resignation"]

1. e4 c5 2. Nf3 Nc6 3. d4 cxd4 4.
Nxd4 e6 5. Nc3 Qc7 6. Be3 a6 7. Qf3 Ne5 8. Qg3 h5 9. h3 h4 10. Qh2 Nf6 11. f4 Ba3 12. Ncb5 axb5 13.
Nxb5 Qa5+ 14. Bd2 Bb4 15. c3 Be7 16. fxe5 Nxe4 17. Nd4 Ng3 18. Rg1 Qxe5+ 19. Kd1 Bd6 20. Bd3 Qd5 21. Re1 O-O 22. Qg1 e5 0-1

[Event "*** Titled Tuesday Blitz"]
[Site "Chess.com"]
[Date "2020.04.21"]
[Round "2"]
[White "Unknown_IM"]
[Black "Teidi96"]
[Result "1-0"]
[WhiteElo "2635"]
[BlackElo "2184"]
[TimeControl "180+1"]
[EndTime "10:15:34 PDT"]
[Termination "Unknown_IM won by resignation"]

1. e4 e5 2. Nf3 Nc6 3. d4 exd4 4. Nxd4 Nf6 5. Nc3 Bb4 6. Nxc6 bxc6 7. Qd4 c5 8. Qd3 d6 9. Bg5 h6 10. Bh4 g5 11. Bg3 Be6 12. O-O-O Bxc3 13. Qxc3 Qe7 14. Bb5+ Kf8 15. Rhe1 Rg8 16. Bc6 Rb8 17.
e5 dxe5 18. Bxe5 Kg7 19. Rd3 Rgd8 20. Rf3 1-0

[Event "*** Titled Tuesday Blitz"]
[Site "Chess.com"]
[Date "2020.04.21"]
[Round "2"]
[White "fridaywins"]
[Black "Misha_Bilous"]
[Result "1-0"]
[WhiteElo "2277"]
[BlackElo "2452"]
[TimeControl "180+1"]
[EndTime "10:15:34 PDT"]
[Termination "fridaywins won by resignation"]

1. e4 c5 2. Nf3 d6 3. d4 cxd4 4. Nxd4 Nf6 5. Nc3 a6 6. f4 g6 7.
Be2 Bg7 8. O-O O-O 9. Kh1 Nbd7 10. Nf3 Qc7 11. a4 b6 12. Nd5 Nxd5 13. exd5 Bb7 14. c4 Nc5 15. Ra3 a5 16. Re3 e6 17. Nd4 exd5 18. Nb5 Qd7 19. cxd5 Rfe8 20. Bg4 f5 21. Bf3 Rxe3 22. Bxe3 Bxb2 23. Bd4 Bxd4 24. Qxd4 Re8 25. h3 Ne4 26. Rc1 Nc5 27. Qf6 Ba6 28.
Nxd6 Rd8 29. Re1 Ne4 30. Nxe4 fxe4 31. Bg4 1-0

[Event "*** Titled Tuesday Blitz"]
[Site "Chess.com"]
[Date "2020.04.21"]
[Round "2"]
[White "DraskovicL"]
[Black "WIDBIFS"]
[Result "1-0"]
[WhiteElo "2554"]
[BlackElo "2767"]
[TimeControl "180+1"]
[EndTime "10:15:35 PDT"]
[Termination "DraskovicL won by resignation"]

1. c4 Nf6 2. Nc3 g6 3. g3 d6 4. Bg2 Bg7 5. Nf3 O-O 6. d4 Nc6 7.
O-O Bf5 8. Ne1 Qd7 9. e4 Bh3 10. f3 Bxg2 11. Kxg2 e5 12. d5 Nd4 13. Ne2 c6 14. Nxd4 exd4 15. Nd3 Rfe8 16. Bd2 c5 17. b4 b6 18. bxc5 bxc5 19. Rb1 Qe7 20. Re1 Nd7 21.
Rb7 Reb8 22. Qb3 Qd8 23. Rb1 Rxb7 24. Qxb7 Nb6 25. Qa6 Qc8 26. Qb5 Rb8 27. a4 Nd7 28. Qxd7 Qf8 29. Rxb8 Qxb8 30. Qb5 Qc7 31. a5 h5 32. a6 Bf8 1-0

[Event "*** Titled Tuesday Blitz"]
[Site "Chess.com"]
[Date "2020.04.21"]
[Round "2"]
[White "Slovak_fighter2000"]
[Black "Playgood28"]
[Result "1-0"]
[WhiteElo "2555"]
[BlackElo "2205"]
[TimeControl "180+1"]
[EndTime "10:15:38 PDT"]
[Termination "Slovak_fighter2000 won by resignation"]

1. d4 f5 2. h3 d5 3. g4 fxg4 4. hxg4 Nf6 5. f3 Qd6 6. Kf2 g6 7. e3 Bg7 8. Nc3 O-O 9. Kg2 e5 10. dxe5 Qxe5 11. Qd4 Qe6 12. Nh3 Nc6 13. Qd1 Ne7 14.
Nf4 Qd6 15. Bd3 c5 16. e4 dxe4 17. Bc4+ Kh8 18. Qxd6 1-0

[Event "*** Titled Tuesday Blitz"]
[Site "Chess.com"]
[Date "2020.04.21"]
[Round "2"]
[White "AsaHoffmann"]
[Black "hedgehog280"]
[Result "0-1"]
[WhiteElo "2327"]
[BlackElo "2661"]
[TimeControl "180+1"]
[EndTime "10:15:38 PDT"]
[Termination "hedgehog280 won by resignation"]

1. d4 g6 2. e4 d6 3. Be3 Bg7 4. Qd2 Nc6 5. Ne2 Nf6 6. f3 e5 7. Nbc3 O-O 8. O-O-O exd4 9. Nxd4 Nxd4 10. Bxd4 Be6 11. Kb1 a6 12. g4 c5 13. Be3 b5 14.
Qxd6 Qa5 15. Qxc5 Nd7 16. Qd6 Be5 17. Qd2 Bxc3 18. Qxc3 b4 19. Qd4 Qxa2+ 20. Kc1 Rad8 21. Bd3 Qa5 22. Bh6 Ne5 23. Qa7 Nc4 24. Kb1 Nxb2 25.
Qxa6 Qxa6 26. Bxa6 Nxd1 27. Bxf8 Kxf8 0-1

[Event "*** Titled Tuesday Blitz"]
[Site "Chess.com"]
[Date "2020.04.21"]
[Round "2"]
[White "Olga_Girya"]
[Black "Akhayan"]
[Result "0-1"]
[WhiteElo "2464"]
[BlackElo "2278"]
[TimeControl "180+1"]
[EndTime "10:15:39 PDT"]
[Termination "Akhayan won by checkmate"]

1. d4 Nf6 2. c4 e6 3. Nf3 d5 4.
Bg5 Be7 5. e3 O-O 6. Qc2 c5 7.
dxc5 Na6 8. cxd5 exd5 9. Bxa6 Qa5+ 10. Nc3 Qxa6 11. Bxf6 Bxf6 12. Nxd5 Qa5+ 13. b4 Qd8 14.
Rd1 Bg4 15. O-O Bxf3 16. gxf3 Be5 17. f4 Qh4 18. Qf5 Rae8 19. fxe5 Re6 20. Kh1 Rh6 21. Qf4 Qh5 22. Rg1 Kh8 23. Qg4 Qxh2# 0-1

[Event "*** Titled Tuesday Blitz"]
[Site "Chess.com"]
[Date "2020.04.21"]
[Round "2"]
[White "floplover"]
[Black "Natalya_Buksa"]
[Result "0-1"]
[WhiteElo "2254"]
[BlackElo "2471"]
[TimeControl "180+1"]
[EndTime "10:15:39 PDT"]
[Termination "Natalya_Buksa won by resignation"]

1. d4 d5 2. Nf3 e6 3. c4 Nf6 4. Nc3 Nbd7 5. Bg5 Be7 6. e3 h6 7. Bh4 O-O 8. Rc1 c5 9. cxd5 Nxd5 10. Bxe7 Nxe7 11. Bd3 b6 12. Be4 Rb8 13. Qa4 Bb7 14.
Bxb7 Rxb7 15. O-O cxd4 16. exd4 Nf6 17. Ne5 Rc7 18. Nb5 Rxc1 19. Rxc1 a5 20. h3 Nf5 21. g4 Nh4 22. Qb3 Nd5 23. Qg3 Qg5 24. Rc6 Ng6 25.
Nf3 Qf4 26. Kg2 Qe4 27. Rc1 Ngf4+ 28. Kh2 Ne2 29. Nd6 Nxg3 30. Nxe4 Nxe4 0-1

[Event "*** Titled Tuesday Blitz"]
[Site "Chess.com"]
[Date "2020.04.21"]
[Round "2"]
[White "InitiatingASC"]
[Black "MikeSailer"]
[Result "1-0"]
[WhiteElo "2415"]
[BlackElo "2129"]
[TimeControl "180+1"]
[EndTime "10:15:43 PDT"]
[Termination "InitiatingASC won by resignation"]

1. d4 d5 2. c4 Bf5 3. Nc3 e6 4. cxd5 exd5 5. Bf4 Nc6 6. e3 Nf6 7. Bd3 Bxd3 8. Qxd3 Bd6 9. Nge2 O-O 10. O-O Bxf4 11.
Nxf4 Ne7 12. b4 a6 13. a4 Re8 14. b5 axb5 15. axb5 Qd6 16. Qc2 Ng6 17. Nce2 Nxf4 18.
Nxf4 Ne4 19. Rfc1 Rxa1 20. Rxa1 c6 21. bxc6 bxc6 22. Nd3 h5 23. Ra6 Re6 24. Ne5 Qb4 25. Nd3 Nc3 26. Nxb4 1-0

[Event "*** Titled Tuesday Blitz"]
[Site "Chess.com"]
[Date "2020.04.21"]
[Round "2"]
[White "Sethu0025"]
[Black "Boorchess"]
[Result "1-0"]
[WhiteElo "2820"]
[BlackElo "2563"]
[TimeControl "180+1"]
[EndTime "10:15:45 PDT"]
[Termination "Sethu0025 won by resignation"]

1. e4 e6 2. d4 d5 3. Nc3 Nf6 4.
e5 Nfd7 5. f4 c5 6. Nf3 Nc6 7.
Be3 a6 8. a3 b5 9. dxc5 Bxc5 10. Bxc5 Nxc5 11. b4 Nd7 12. Bd3 Qb6 13. Qd2 Bb7 14.
Ne2 a5 15. Rb1 axb4 16. axb4 O-O 17. Ned4 Nxd4 18. Nxd4 Bc6 19. c3 f6 20. exf6 Rxf6 21. O-O Raf8 22. Rbe1 g5 23. Kh1 gxf4 24. Nxe6 d4 25.
Nxf8 Nxf8 26. Be4 f3 27. gxf3 Bxe4 28. Rxe4 dxc3 29. Qxc3 Rg6 30. Rg4 Qe6 31. Qe1 Qf5 32. Qe4 Qf7 33. Rxg6+ Nxg6 34. f4 Qd7 35. f5 1-0

[Event "*** Titled Tuesday Blitz"]
[Site "Chess.com"]
[Date "2020.04.21"]
[Round "2"]
[White "renehp"]
[Black "pgradalski"]
[Result "1-0"]
[WhiteElo "2439"]
[BlackElo "2206"]
[TimeControl "180+1"]
[EndTime "10:15:45 PDT"]
[Termination "renehp won by resignation"]

1. e4 e6 2. d4 d5 3. Nc3 Nc6 4.
Bb5 Nf6 5. e5 Nd7 6. f4 a6 7.
Bxc6 bxc6 8. Nf3 c5 9. O-O Be7 10.
Kh1 Bb7 11. Ne2 cxd4 12. Nexd4 c5 13. Ne2 Qb6 14. c3 h6 15. Ng3 O-O 16. f5 f6 17.
fxe6 Qxe6 18. exf6 Bxf6 19. Re1 Qd6 20. Nf5 Qc7 21.
Ne7+ Bxe7 22. Rxe7 Qd6 23. Qe2 d4 24. cxd4 Bxf3 25.
gxf3 cxd4 26. Bd2 Nc5 27. Rg1 Qf6 28. Rexg7+ Qxg7 29. Qc4+ 1-0

[Event "*** Titled Tuesday Blitz"]
[Site "Chess.com"]
[Date "2020.04.21"]
[Round "2"]
[White "kungmongmanh"]
[Black "BilodeauA"]
[Result "0-1"]
[WhiteElo "2586"]
[BlackElo "2863"]
[TimeControl "180+1"]
[EndTime "10:15:47 PDT"]
[Termination "BilodeauA won by resignation"]

1. d4 d5 2. c4 dxc4 3. Nc3 Nf6 4.
Nf3 a6 5. a4 Nc6 6. e3 Bg4 7.
Bxc4 e6 8. h3 Bh5 9. O-O Bd6 10.
Be2 O-O 11. e4 Bxf3 12. Bxf3 Nxd4 13. Be3 Be5 14. Rc1 c5 15. g3 Nxf3+ 16. Qxf3 Rc8 17.
Rfd1 Qe7 18. b3 Rfd8 19. Ne2 Rxd1+ 20. Rxd1 h6 21. Rc1 b5 22. axb5 axb5 23. Bf4 Bxf4 24.
Nxf4 Nd7 25. Qe2 Rb8 26. Nd3 Qd6 27. Qe3 Rc8 28. Kg2 c4 29. bxc4 bxc4 30. Nf4 Ne5 31. Rc2 Rd8 32. Rc3 Qc6 33. Kh2 Qb7 34. Rc2 Qb3 35. Rc3 Qb2 36. Ne2 Rd3 37. Rxd3 cxd3 38. Nf4 d2 39. Qe2 Qc2 0-1

[Event "*** Titled Tuesday Blitz"]
[Site "Chess.com"]
[Date "2020.04.21"]
[Round "2"]
[White "bupunsu01"]
[Black "talman67"]
[Result "0-1"]
[WhiteElo "2294"]
[BlackElo "2558"]
[TimeControl "180+1"]
[EndTime "10:15:47 PDT"]
[Termination "talman67 won by resignation"]

1. d4 Nf6 2. c4 e6 3. Nf3 b6 4. g3 Ba6 5. Qa4 Bb7 6. Bg2 c5 7. dxc5 bxc5 8. O-O Be7 9. Rd1 Qb6 10. Nc3 O-O 11. Qc2 Rd8 12. Na4 Qc7 13. Bf4 d6 14. Nc3 a6 15. h3 Nc6 16. a3 Nd4 17. Qb1 h6 18. Nxd4 cxd4 19. Bxb7 Qxb7 20. Na4 e5 21. Bd2 Qb3 22. Qf5 Qxa4 23. b4 Qd7 24. Qf3 Rac8 0-1

[Event "*** Titled Tuesday Blitz"]
[Site "Chess.com"]
[Date "2020.04.21"]
[Round "2"]
[White "Msb2"]
[Black "DaggiGretarsson"]
[Result "1-0"]
[WhiteElo "2915"]
[BlackElo "2600"]
[TimeControl "180+1"]
[EndTime "10:15:48 PDT"]
[Termination "Msb2 won by checkmate"]

1. d4 g6 2. c4 Bg7 3. e4 e6 4. Nc3 Ne7 5. h4 d5 6. e5 h6 7. Nf3 Nbc6 8. h5 g5 9. Nxg5 hxg5 10. Bxg5 Bh6 11. Bxh6 Rxh6 12. Qd2 Nf5 13. g4 Ncxd4 14.
Bg2 c6 15. gxf5 Nxf5 16. O-O-O Rh8 17. Ne4 Qe7 18. Nf6+ Kd8 19. Bh3 Nh6 20. Kb1 Bd7 21. cxd5 cxd5 22. Nxd5 exd5 23. Qxd5 Kc7 24. Qxd7+ Qxd7 25. Rxd7+ Kb6 26. Rhd1 Rae8 27. R1d6+ Kc5 28. Rc7+ Kb5 29.
Bf1+ Ka5 30. Rxb7 Re6 31. Rb5+ Ka4 32. Rd4# 1-0

[Event "*** Titled Tuesday Blitz"]
[Site "Chess.com"]
[Date "2020.04.21"]
[Round "2"]
[White "marcodobrikov"]
[Black "Alonmindlin"]
[Result "1-0"]
[WhiteElo "2510"]
[BlackElo "2694"]
[TimeControl "180+1"]
[EndTime "10:15:48 PDT"]
[Termination "marcodobrikov won by resignation"]

1. e4 e5 2. Nf3 Nc6 3. Bc4 Nf6 4. Ng5 d5 5. exd5 Na5 6. Bb5+ c6 7. dxc6 bxc6 8.
Be2 h6 9. Nh3 g5 10. d3 Bg7 11.
Nc3 O-O 12. Ng1 Nd5 13. Nf3 Nxc3 14. bxc3 e4 15. dxe4 Qxd1+ 16. Kxd1 Bxc3 17. Rb1 Rd8+ 18. Bd3 Be6 19. Bd2 Bxd2 20. Nxd2 Rab8 21. Ke2 Bxa2 22. Rxb8 Rxb8 23. Ra1 Rb2 24. Kd1 Nb3 25. cxb3 Bxb3+ 26. Nxb3 Rxb3 27. Kc2 Rb7 28. Ra6 Rc7 29. Kc3 Kg7 30.
g3 h5 31. f4 gxf4 32. gxf4 h4 33. e5 Kh6 34. Be4 Kh5 35. Rxc6 Rxc6+ 36. Bxc6 Kg4 37. Kd4 Kxf4 38. Bd5 a5 39. Bxf7 Kf5 40. h3 a4 41.
e6 Kf6 42. Kc4 1-0

[Event "*** Titled Tuesday Blitz"]
[Site "Chess.com"]
[Date "2020.04.21"]
[Round "2"]
[White "garfield_pg"]
[Black "1g41-0"]
[Result "0-1"]
[WhiteElo "2202"]
[BlackElo "2435"]
[TimeControl "180+1"]
[EndTime "10:15:51 PDT"]
[Termination "1g41-0 won by resignation"]

1. e4 g6 2. d4 Bg7 3. Nc3 c6 4.
Nf3 d5 5. h3 dxe4 6. Nxe4 Nf6 7. Nxf6+ exf6 8. Bd3 O-O 9. O-O Be6 10. Re1 Nd7 11. c3 b5 12. Bf4 Nb6 13. Qd2 a5 14.
Bh6 a4 15. Bxg7 Kxg7 16. Qc2 Bd5 17. Nd2 f5 18. b3 Qg5 19. Bf1 axb3 20. axb3 Rfe8 21.
c4 Rxa1 22. Rxa1 bxc4 23. bxc4 Be4 24. Nxe4 fxe4 25. Rb1 Qd8 26. Qc3 Kg8 27. g3 Qc7 28. Bg2 e3 29. fxe3 Qxg3 30. Rxb6 Rxe3 31. Qxe3 Qxe3+ 0-1

[Event "*** Titled Tuesday Blitz"]
[Site "Chess.com"]
[Date "2020.04.21"]
[Round "2"]
[White "Batica1984"]
[Black "Mikhail_Golubev"]
[Result "1-0"]
[WhiteElo "2774"]
[BlackElo "2530"]
[TimeControl "180+1"]
[EndTime "10:15:52 PDT"]
[Termination "Batica1984 won by resignation"]

1. e4 c5 2. Nf3 d6 3. d4 Nf6 4.
Nc3 cxd4 5. Nxd4 g6 6. Be3 Bg7 7. f3 O-O 8. Qd2 Nc6 9. O-O-O d5 10. Nxc6 bxc6 11. Bh6 Bxh6 12. Qxh6 Rb8 13. e5 Nd7 14. h4 Nxe5 15. h5 Bf5 16. g4 Qb6 17. Na4 Qb4 18. gxf5 g5 19. Qxg5+ Kh8 20. f6 Rg8 21. Qxe5 e6 22.
Rd4 Qa5 23. Rg4 Rxg4 24. fxg4 1-0